Match 28272003
Unlisted

Match 28272003
End
Pioneer Squad
Construct Infanterie Kompanie
Grenadier Squad
Grenadier Squad
Selects Breakthrough Battlegroup
Selects Assault Grenadiers
Grenadier Squad
Infanterie Officer Quarters
Grenadier Squad
Construct Luftwaffe Kompanie
Pioneer Squad
Selects Breakthrough
Flak 30 Anti-aircraft Gun Team
Selects Mechanized Assault Group
Breakthrough
Flak 30 Anti-aircraft Gun Team
Mechanized Assault Group
Breakthrough
Selects Rapid Production
Selects Blitzkrieg
Support Elements
Breakthrough
Marder III M Tank Destroyer
Luftwaffe Officer Quarters
MG 42 Bunker
Selects Tiger Heavy Tank
Tiger Heavy Tank
Breakthrough
Mechanized Assault Group
Breakthrough
Jäger Squad
Jäger Squad
Ruby
HulkSMASH
ashilrye
Izutsumi
0
0

Comments sign in to comment!

No comments posted yet!